 Dungeon Crawl Stone Soup version 0.31.0-4-g52a2dc7128 (webtiles) character file.

Game seed: 8604519779232643426

181 Weaver the Ruffian (level 5, -5/30 HPs)
             Began as a Draconian Shapeshifter on Jan 22, 2024.
             Was an Initiate of Gozag.
             Blown up by Ijyb (14 damage)
             ... with a mindburst bolt
             ... on level 4 of the Dungeon.
             The game lasted 00:12:16 (2177 turns).

Weaver the Ruffian (Draconian Shapeshifter)         Turns: 2177, Time: 00:12:17

Health: -5/30      AC:  5    Str: 17    XL:     5   Next: 34%
Magic:  5/5        EV: 16    Int: 10    God:    Gozag
Gold:   355        SH:  0    Dex: 12    Spells: 4/4 levels left

rFire   . .          .
                       - Unarmed
rCold   . . .        (shield currently unavailable)
rNeg    . . .        (body armour unavailable)
rPois   .            (helmet restricted)
rElec   .            (no cloak)
rCorr   .            (no gloves)
SInv    .            (no boots)
Will    .....        (no amulet)
Stlth   +            (no ring)
HPRegen 0.25/turn    (no ring)
MPRegen 0.09/turn

%: no passive effects
@: flux-form, gold aura, glowing
A: glow, contaminating, reduced hp, AC +5, unfitting armour, cold-blooded
a: Begin Untransformation, Renounce Religion, Potion Petition, Call Merchant,
Bribe Branch


You were on level 4 of the Dungeon.
You worshipped Gozag.
Gozag was aware of your devotion.
You were something dangerously unstable.
You visited 1 branch of the dungeon, and saw 4 of its levels.

You collected 490 gold pieces.
You spent 135 gold pieces at shops.

Inventory:

Jewellery
 d - a ring of fire
 r - the ring of Basaacau {Ice rCorr MP+9 Stlth+}
   (You bought it in a shop on level 3 of the Dungeon)

   [ring of ice]

   Ice:       It enhances your ice magic.
   rF-:       It makes you vulnerable to fire.
   rC+:       It protects you from cold.
   MP+9:      It affects your magic capacity (+9).
   rCorr:     It protects you from acid and corrosion.
   Stlth+:    It makes you more stealthy.
Talismans
 b - a beast talisman
 c - a flux talisman (active)
Scrolls
 e - 7 scrolls of identify {unknown}
 f - a scroll of summoning {unknown}
 i - a scroll of revelation {unknown}
 j - a scroll of enchant armour {unknown}
 k - a scroll of silence {unknown}
 l - a scroll of poison {unknown}
 q - 2 scrolls of vulnerability {unknown}
 s - a scroll of blinking {unknown}
 t - a scroll of torment {unknown}
 u - a scroll of fear {unknown}
Potions
 a - 2 potions of lignification
 g - a potion of heal wounds {unknown}
 h - a potion of might {unknown}
 m - 2 potions of haste {unknown}
 n - a potion of mutation {unknown}
 o - a potion of attraction {unknown}
 p - a potion of invisibility {unknown}


   Skills:
 + Level 3.0 Fighting
 + Level 2.9 Dodging
 + Level 4.0 Unarmed Combat
 + Level 3.8 Shapeshifting


You had 4 spell levels left.
You didn't know any spells.
Your spell library contained the following spells:

 Spells                   Type           Power      Damage    Failure   Level
 Freeze                   Ice            0%         1d3       36%         1
 Sandblast                Erth           0%         2d4       36%         1
 Passwall                 Erth           0%         N/A       75%         3
 Stone Arrow              Conj/Erth      0%         3d7       75%         3
 Brom's Barrelling Bould  Conj/Erth      0%         2d3       98%         4


Dungeon Overview and Level Annotations

Branches:
Dungeon (4/15)
 Temple: D:4-7

Altars:
Ashenzari
Gozag
Xom
Yredelemnul

Shops:
D:3 *

Annotations:
D:2 Sigmund
D:4 Ijyb


Innate Abilities, Weirdness & Mutations

You are something dangerously unstable.
You glow with magical radiation, making you easy to see and hit.
Foes you strike become dangerously contaminated with magical radiation.
Your maximum health is decreased, since you lack skill for your form.
You are incapable of wielding weapons or throwing items.
Your plain brown scales are hard. (AC +5)
You cannot fit into any form of body armour.
You are cold-blooded and may be slowed by cold attacks.


Message History

There is an open door here.
Ijyb the Twisted Goblin comes into view.
She is wielding a +0 dagger and carrying a wand of mindburst.
Found an escape hatch in the floor.
Ijyb shouts!
You hear a bark!
You hear a shout!
A hound comes into view.
Ijyb zaps a wand.
Your mind is blasted!
The hound barks!
Ijyb zaps a wand.
You barely resist. You barely miss the hound.
Your tail-slap misses the hound.
The hound misses you. The hound closely misses you.
You hit the hound.
The hound begins to glow.
The hound is lightly wounded.
The hound bites you.
You hit the hound.
The hound glows dangerously bright.
You tail-slap the hound.
The hound is moderately wounded.
The hound bites you but does no damage. x2
You barely miss the hound. You tail-slap the hound.
The hound is moderately wounded.
The hound bites you but does no damage.
You completely miss the hound.
Your tail-slap misses the hound.
The hound is moderately wounded.
The hound misses you.
You hit the hound.
The hound shudders as magic cascades through it.
The hound twists and deforms.
The hound is severely wounded.
The hound barely misses you. The hound bites you but does no damage.
You hit the hound but do no damage.
The hound begins to glow.
You tail-slap the hound.
The hound is almost dead.
The hound misses you.
You hit the hound.
You kill the hound!
Ijyb zaps a wand.
Your mind is blasted!
Ouch! That really hurt!
* * * LOW HITPOINT WARNING * * *
Your Fighting skill increases to level 3!
Your Unarmed Combat skill increases to level 4!
Ijyb zaps a wand.
Your mind is blasted!
You die...

#...... #......... #.....
#......... #.....
#...##'### ##.....##
#######...##.### #.......#
#...............
+.......###.#######.......
#...........#.....#.......
##....$##g..#.....#.......
#..>.. #p#.#.._..#..#%..#
#.gh.. #.#.#.....#..#####
#..... #...#.....#..#
....... ###.###'###..# #
##..... #..........# #
###### ############


You could see Ijyb.

Vanquished Creatures
  A hound (D:4)
  An orc wizard (D:4)
  7 adders
  A dart slug (D:1)
  2 ribbon worms
  10 orcs
  4 bats
  4 endoplasms
  A giant cockroach (D:4)
  A hobgoblin (D:3)
  4 kobolds
  3 quokkas
  3 ball pythons
  A frilled lizard (D:2)
  2 goblins
  3 rats
48 creatures vanquished.

Notes
Turn   | Place    | Note
-------+----------+-------------------------------------------
     0 | D:1      | Weaver the Draconian Shapeshifter began the quest for the
                  | Orb.
     0 | D:1      | Reached XP level 1. HP: 16/16 MP: 1/1
   193 | D:1      | Found a faded altar of an unknown god.
   204 | D:1      | Got Plato's Opusculum on the Serac
   205 | D:1      | Prayed at the altar of an unknown god.
   205 | D:1      | Became a worshipper of Gozag Ym Sagoz the Greedy
   694 | D:2      | Reached XP level 2. HP: 15/23 MP: 2/2
   874 | D:2      | Reached XP level 3. HP: 29/29 MP: 3/3
   917 | D:2      | Noticed Sigmund
  1285 | D:3      | Reached XP level 4. HP: 36/36 MP: 4/4
  1596 | D:3      | Found a shimmering altar of Xom.
  1680 | D:3      | Found Ukaat's Assorted Antiques.
  1734 | D:3      | Bought a twitching wooden ring for 135 gold pieces
  1734 | D:3      | Identified the ring of Basaacau {Ice rCorr MP+9 Stlth+}
                  | (You bought it in a shop on level 3 of the Dungeon)
  1996 | D:4      | Found a broken altar of Ashenzari.
  2076 | D:4      | Reached XP level 5. HP: 27/44 MP: 5/5
  2110 | D:4      | Found a basalt altar of Yredelemnul.
  2162 | D:4      | Noticed Ijyb
  2177 | D:4      | Reached skill level 4 in Unarmed Combat
  2177 | D:4      | Blown up by Ijyb

Illustrated notes

Levels and vault maps discovered:
D:1:      nzn_arrival_water_spiral, layout_basic,
          shapermc_ecumenical_altar_rom_forum, chequers_serial_rivers_room_b,
          due_unseen_surprise
D:2:      layout_basic, serial_corexii_hall, chequers_hall_statues_wall_a,
          chequers_hall_statues_corner_a, nicolae_half_adder, uniq_sigmund,
          uniq_crazy_yiuf_cottage
D:3:      layout_loops_cross, xom_butterflies, serial_shops,
          nicolae_shop_gibbet_a_chance
D:4:      layout_gridville, amcnicky_altar_gilded, evilmike_ruin_ashenzari,
          minmay_manual_mullet, uniq_ijyb

Skill      XL: |  1  2  3  4  5 |
---------------+----------------+-----
Dodging        | 2 |  2.9
Fighting       | 2 3 |  3.0
Unarmed Combat | 4 |  4.0
Shapeshifting  | |  3.8

Action                     |  1- 3 |  4- 6 || total
---------------------------+-------+-------++-------
  Melee: Unarmed           |    66 |    92 ||   158
         Punch             |     3 |     1 ||     4
         Tailslap          |     6 |    15 ||    21
 Armour: Skin              |    41 |    38 ||    79
  Dodge: Dodged            |    44 |    52 ||    96
   Form: Beast             |     1 |       ||     1
         Flux              |       |     1 ||     1
